 Dungeon Crawl Stone Soup version 0.29-a0-271-gd4eb659eea (webtiles) character file.

Game seed: 18241357405577568086

275164 Murumi the Unseen (level 21, -7/171 HPs)
             Began as a Formicid Fighter on Mar 8, 2022.
             Was a High Priest of Okawaru.
             Killed from afar by a tengu reaver (26 damage)
             ... with a bolt of lightning
             ... on level 2 of the Depths.
             The game lasted 03:25:39 (44681 turns).

Murumi the Unseen (Formicid Fighter)               Turns: 44681, Time: 03:25:42

Health: -7/171     AC: 30    Str: 30    XL:     21   Next: 19%
Magic:  29/29      EV: 10    Int: 10    God:    Okawaru [*****.]
Gold:   2912       SH: 15    Dex: 10    Spells: 20/20 levels left

rFire   + + +      SeeInvis +   a - +4 demon whip (venom)
rCold   + . .      Faith    .   N - +2 kite shield {reflect}
rNeg    + . .      Spirit   .   D - +3 plate armour {rF+}
rPois   .          Reflect  +   (helmet unavailable)
rElec   .          Harm     .   o - scarf {rC+ rF+}
rCorr   .          Rampage  .   g - +3 pair of gauntlets of War {Slay+5}
Will    ++...                   M - +0 pair of boots of Voisunu {rF+}
Stlth   +++.......              y - amulet of regeneration
HPRegen 1.18/turn               Q - ring of positive energy
MPRegen 0.21/turn               J - +4 ring of protection

@: lethally poisoned (-7 -> -13)
A: permanent stasis, dig shafts and tunnels, antennae 3, four strong arms
}: 2/15 runes: decaying, serpentine
a: Dig, Shaft Self, Renounce Religion, Heroism, Finesse, Duel


You were on level 2 of the Depths.
You worshipped Okawaru.
Okawaru was extremely pleased with you.
You visited 7 branches of the dungeon, and saw 34 of its levels.
You also visited: Volcano.

You collected 3793 gold pieces.
You spent 881 gold pieces at shops.

Inventory:

Hand Weapons
 a - a +4 demon whip of venom (weapon)
 f - a +3 arbalest of flaming
 i - a +1 eveningstar of protection
 L - a +4 great mace of protection
Missiles
 c - 2 throwing nets
Armour
 g - the +3 pair of gauntlets of War (worn) {Slay+5}
   (You acquired it on level 2 of the Lair of Beasts)

   Slay:      It affects your accuracy & damage with ranged weapons and melee
   (+5).
 o - a scarf of resistance (worn)
 B - a scarf of repulsion
 D - a +3 plate armour of fire resistance (worn)
 M - the +0 pair of boots of Voisunu (worn) {rF+}
   (Okawaru gifted it to you on level 1 of the Depths)

   rF:        It protects you from fire.
 N - a +2 kite shield of reflection (worn)
Jewellery
 e - a ring of flight
 q - a ring of ice
 s - a ring of protection from fire
 x - a ring of ice
 y - an amulet of regeneration (around neck)
 I - a ring of protection from cold
 J - a +4 ring of protection (right hand)
 P - a ring of resist corrosion
 Q - a ring of positive energy (left hand)
 S - a ring of protection from cold
 U - an amulet of reflection
Wands
 b - a wand of acid (19)
 d - a wand of iceblast (27)
 j - a wand of polymorph (9)
 m - a wand of mindburst (48)
 n - a wand of paralysis (20)
 w - a wand of digging (4)
 O - a wand of flame (5)
Scrolls
 u - 6 scrolls of fog
 E - 3 scrolls of amnesia
 K - 2 scrolls of magic mapping
 V - a scroll of holy word
Potions
 h - 4 potions of attraction
 k - 9 potions of curing
 l - 4 potions of brilliance
 p - 7 potions of mutation
 r - 4 potions of magic
 t - a potion of heal wounds
 v - 2 potions of invisibility
 z - 2 potions of cancellation
 C - a potion of might
 F - 2 potions of lignification
 H - a potion of resistance
 T - a potion of ambrosia
Miscellaneous
 A - a lightning rod (4/4)
 G - a piece from Xom's chessboard (15/15)
 R - a condenser vane


   Skills:
 - Level 16.0 Fighting
 - Level 14.0 Maces & Flails
 - Level 14.0 Crossbows
 - Level 16.0 Armour
 - Level 7.0 Dodging
 - Level 20.0 Stealth
 - Level 18.0 Shields
 + Level 10.8 Invocations
 - Level 9.0 Evocations


You had 20 spell levels left.
You didn't know any spells.
Your spell library contained the following spells:

 Spells                   Type           Power      Damage    Failure   Level
 Freeze                   Ice            0%         1d3       95%         1
 Pain                     Necr           0%         1d4       95%         1
 Sandblast                Erth           0%         2d4       95%         1
 Slow                     Hex            0%         N/A       95%         1
 Sting                    Tmut/Pois      0%         1d3       95%         1
 Passwall                 Tmut/Erth      0%         N/A       99%         2
 Poisonous Vapours        Pois/Air       0%         N/A       99%         2
 Sublimation of Blood     Necr           0%         N/A       99%         2
 Wereblood                Tmut           0%         N/A       99%         2
 Confusing Touch          Hex            0%         N/A       100%        3
 Dazzling Flash           Conj/Hex       0%         N/A       100%        3
 Frozen Ramparts          Ice            0%         1d2       100%        3
 Gell's Gravitas          Tloc           0%         N/A       100%        3
 Ignite Poison            Fire/Tmut/Pois 0%         N/A       100%        3
 Lesser Beckoning         Tloc           0%         N/A       100%        3
 Mephitic Cloud           Conj/Pois/Air  0%         N/A       100%        3
 Stone Arrow              Conj/Erth      0%         3d7       100%        3
 Teleport Other           Tloc           0%         N/A       100%        3
 Vampiric Draining        Necr           0%         2d6       100%        3
 Anguish                  Hex/Necr       0%         N/A       100%        4
 Hailstorm                Conj/Ice       0%         3d3       100%        4
 Iskenderun's Mystic Bla  Conj/Tloc      0%         2d3       100%        4
 Olgreb's Toxic Radiance  Pois           0%         N/A       100%        4
 Petrify                  Tmut/Erth      0%         N/A       100%        4
 Alistair's Intoxication  Tmut/Pois      0%         N/A       100%        5
 Blade Hands              Tmut           0%         N/A       100%        5
 Borgnjor's Vile Clutch   Necr/Erth      0%         N/A       100%        5
 Fireball                 Conj/Fire      0%         3d3       100%        5
 Freezing Cloud           Conj/Ice/Air   0%         6-21      100%        5
 Irradiate                Conj/Tmut      0%         3d14      100%        5
 Iskenderun's Battlesphe  Conj           0%         2d6       100%        5
 Lee's Rapid Deconstruct  Erth           0%         3d5*      100%        5
 Manifold Assault         Tloc           0%         N/A       100%        5
 Conjure Ball Lightning   Conj/Air       0%         3x3d6     100%        6
 Dispersal                Tloc           0%         N/A       100%        6
 Eringya's Noxious Bog    Tmut/Pois      0%         N/A       100%        6
 Iron Shot                Conj/Erth      0%         9d1       100%        6
 Starburst                Conj/Fire      0%         6d3       100%        6
 Dragon Form              Tmut           0%         N/A       100%        7
 Enfeeble                 Hex            0%         N/A       100%        7
 Orb of Destruction       Conj           0%         9d5       100%        7
 Ozocubu's Refrigeration  Ice            0%         4d5       100%        7
 Storm Form               Tmut/Air       0%         N/A       100%        7
 Ignition                 Fire           0%         3d3       100%        8
 Animate Skeleton         Necr           Unusable   N/A       N/A         1
 Summon Small Mammal      Summ           Unusable   N/A       N/A         1
 Blink                    Tloc           Unusable   N/A       N/A         2
 Call Canine Familiar     Summ           Unusable   N/A       N/A         3
 Summon Guardian Golem    Hex/Summ       Unusable   N/A       N/A         3
 Tukima's Dance           Hex            Unusable   N/A       N/A         3
 Animate Armour           Summ/Erth      Unusable   N/A       N/A         4
 Spellforged Servitor     Conj/Summ      Unusable   N/A       N/A         7
 Summon Hydra             Summ           Unusable   N/A       N/A         7

Dungeon Overview and Level Annotations

Branches:
Dungeon (15/15)            Temple (1/1) D:7            Lair (6/6) D:11
  Swamp (4/4) Lair:2        Snake (4/4) Lair:3        Slime (0/5) Lair:6
    Orc (2/2) D:10            Elf (0/3) Orc:2        Vaults (0/5) D:13
 Depths (2/4) D:15        Volcano (visited)

Altars:
Ashenzari
Cheibriados
Dithmenos
Elyvilon
Fedhas
Gozag
Hepliaklqana
Kikubaaqudgha
Makhleb
Nemelex Xobeh
Okawaru
Qazlal
Ru
Sif Muna
Trog
Uskayaw
Vehumet
Wu Jian
Xom
Yredelemnul
Zin
The Shining One
Lugonu

Shops:
D:1 [   D:3 *   D:10 [(   Orc:1 (   Orc:2 (*(*:   Snake:3 =::   Snake:4 !=*

Portals:
Hell: Depths:1 Depths:2
Abyss: Lair:6 Swamp:2 Depths:1
Pandemonium: Depths:2


Innate Abilities, Weirdness & Mutations

You cannot be hasted, slowed, berserked, paralysed or teleported.
You can dig through walls and to a lower floor.
You have a pair of large antennae on your head. (SInv)
Your four strong arms can wield two-handed weapons with a shield.


Message History

The sphinx is heavily wounded.
You feel sick. You block the sphinx's attack.
The sphinx hits you but does no damage. You block the sphinx's attack.
You thrash the sphinx!!
The sphinx is almost dead.
You feel sick.
You completely miss the sphinx.
The sphinx is almost dead.
You feel sick. The sphinx closely misses you. You block the sphinx's attack.
The sphinx misses you.
You thrash the sphinx!!
You kill the sphinx!
Okawaru accepts your kill.
You feel sick.
You hit the tengu reaver but do no damage.
The tengu reaver is poisoned.
The tengu reaver casts a spell at you. The bolt of poison hits you!
You are more poisoned.
* * * LOW HITPOINT WARNING * * *
You whack the tengu reaver!
The tengu reaver looks as sick as possible!
The tengu reaver is lightly wounded.
You feel very sick.
You closely miss the tengu reaver.
The tengu reaver is lightly wounded.
You feel sick.
The tengu reaver hits you but does no damage.
You block the tengu reaver's attack. x2
You whack the tengu reaver!
The tengu reaver looks as sick as possible!
The tengu reaver is moderately wounded.
You feel sick.
You whack the tengu reaver!
The tengu reaver looks as sick as possible!
The tengu reaver is moderately wounded.
You feel sick.
The tengu reaver points at you and mumbles some strange words.
The bolt of lightning hits you!!
You die...

#### ## ## ###..### #. .##
###.##......## ##. #..##
###..#.........## #..
#....##....#.......##.###..
#........#...#....##......
#..).....#......##........
#..!:..#.......##........
...#..!)..#@....##........#.
#.....(.Q#....##..#......#
#........#..##....#..##.##
#....##....#.##....#....##
#..##..##..#.......#..)##
#.##......##.##.....#..## .
..........#.......#.##
.......##. .......#..##
..#.... #. .......#...##


You could see a tengu reaver (extremely poisoned).

Vanquished Creatures
  the Enchantress (Depths:2)
  A tentacled monstrosity (Arena)
  The ghost of Nigaic the Wrestler, a veteran VSFi of Gozag (Depths:1)
  Rupert (D:15)
  3 liches
  A deep elf master archer (Depths:2)
  3 sphinxes
  Kirke (D:14)
  A tentacled starspawn (Swamp:2)
  Gastronok (Lair:3)
  2 storm dragons (Depths:2)
  A tengu reaver (Depths:2)
  A fenstrider witch (Swamp:4)
  Donald (Snake:1)
  4 thorn hunters
  14 nagarajas
  Aizul (Snake:1)
  A frost giant (Depths:1)
  3 fire giants (Depths:1)
  3 spriggan defenders (Depths:2)
  3 stone giants (Depths:1)
  The ghost of P0WERM0DE the Warmonger, a journeyman DDCK of Okawaru (Swamp:2)
  7 very ugly things
  2 eleionomae (Swamp:3)
  A deep elf demonologist (Depths:1)
  A deep elf annihilator (Depths:1)
  Nessos (D:15)
  4 bunyips
  2 spark wasps (Depths:1)
  5 ettins
  3 shambling mangroves
  2 jiangshi (Depths:1)
  A fire dragon (Depths:2)
  A deep elf high priest (Depths:2)
  27 hydras
  3 ice dragons
  12 naga warriors
  A salamander tyrant (Snake:4)
  2 spriggan air magi
  4 ogre magi (Orc:2)
  2 boulder beetles (D:12)
  18 two-headed ogres
  10 alligators
  A ghost crab (Swamp:1)
  4 anacondas
  14 death yaks
  A centaur warrior (D:14)
  3 dancing weapons
  A hell hog (Swamp:2)
  A death knight (D:15)
  8 spriggan berserkers
  3 thrashing horrors (Lair:6)
  5 shock serpents
  8 tengu warriors
  A deep troll earth mage (Arena)
  9 naga sharpshooters
  Sonja (D:13)
  A vampire mage (Depths:1)
  2 hell knights (Depths:2)
  12 skeletal warriors
  Amaemon (D:8)
  A salamander mystic (Snake:4)
  4 sea snakes (Snake:2)
  2 glowing orange brains
  A fire crab (Lair:5)
  10 goliath frogs
  6 deep trolls
  A death drake (Swamp:2)
  6 spriggan druids
  13 swamp dragons
  A lindwurm (Lair:6)
  7 naga ritualists
  A phantasmal warrior (D:15)
  13 wizards
  5 bog bodies (Swamp:4)
  2 necromancers
  A wolf spider (D:13)
  7 mana vipers
  An oklob plant (Lair:6)
  An orc knight (Orc:1)
  21 ugly things
  6 salamanders
  A worldbinder (Swamp:2)
  6 cyclopes
  A manticore (D:10)
  5 will-o-the-wisps
  5 toenail golems (Volcano)
  An apocalypse crab (Swamp:2)
  31 black mambas
  7 guardian serpents
  A smoke demon (Lair:6)
  10 naga magi
  4 elephants (Lair:6)
  An orange demon (D:8)
  A torpor snail (Lair:4)
  13 cane toads
  2 gargoyles
  Joseph (D:8)
  Psyche (D:8)
  2 large abominations (Lair:6)
  An unseen horror (D:12)
  5 rime drakes
  An unseen horror (shapeshifter) (D:15)
  4 kobold demonologists
  A freezing wraith (D:15)
  8 komodo dragons
  7 tengu conjurers
  2 trolls
  3 ancient zymes (Lair:6)
  3 polar bears
  28 blink frogs
  9 tyrant leeches
  20 hornets
  22 slime creatures
  A dream sheep (shapeshifter) (D:15)
  2 shadows (D:11)
  54 yaks
  19 spriggans
  A wraith (D:11)
  2 vampires (D:12)
  7 wyverns
  5 ynoxinuls (Lair:6)
  9 small abominations (Lair:6)
  13 basilisks
  3 hogs (D:14)
  A water elemental (Depths:1)
  2 steam dragons
  A warg (Orc:1)
  16 vampire mosquitoes
  23 swamp worms
  22 water moccasins
  An acid dragon (D:11)
  2 hell hounds (Lair:3)
  A floating eye (shapeshifter) (Depths:2)
  29 nagas
  14 orc warriors
  6 swamp drakes
  5 ice beasts
  A black bear (Lair:1)
  14 wolves
  26 ogres
  3 boggarts (D:13)
  3 centaurs
  4 phantoms
  8 kobold brigands
  18 bullfrogs
  2 necrophages
  3 scorpions
  A gnoll sergeant (D:11)
  5 wights (D:9)
  10 killer bees (D:9)
  11 electric eels
  4 howler monkeys
  8 orc priests
  10 hounds
  2 jellies
  5 iguanas
  14 orc wizards
  Natasha (thrice) (D:3)
  A hound skeleton (D:4)
  13 gnolls
  10 adders
  2 white imps
  3 worms
  6 dart slugs
  58 orcs
  9 ball pythons
  6 endoplasms
  3 giant cockroaches (D:1)
  4 goblins
  8 hobgoblins
  4 jackals (D:2)
  22 kobolds
  3 quokkas (D:1)
  4 bats
  10 frilled lizards
  6 rats
1117 creatures vanquished.

Vanquished Creatures (others)
  2 bloated husks
  A hornet (Swamp:4)
  A human (D:14)
  2 vampire mosquitoes (Swamp:1)
  A swamp drake (Swamp:4)
  14 foxfires
  27 fungi
  69 plants
  5 starspawn tentacles (Swamp:2)
122 creatures vanquished.

Grand Total: 1239 creatures vanquished

Notes
Turn   | Place    | Note
-------+----------+-------------------------------------------
     0 | D:1      | Murumi the Formicid Fighter began the quest for the Orb.
     0 | D:1      | Reached XP level 1. HP: 18/18 MP: 1/1
   108 | D:1      | Found Rizxah's Antique Armour Shop.
   198 | D:1      | Reached XP level 2. HP: 24/24 MP: 2/2
   405 | D:1      | Reached XP level 3. HP: 28/30 MP: 3/3
   852 | D:1      | Reached skill level 1 in Stealth
  1036 | D:2      | Reached XP level 4. HP: 33/37 MP: 4/4
  1064 | D:2      | Reached skill level 1 in Dodging
  1234 | D:2      | Reached skill level 2 in Stealth
  1868 | D:3      | Found a faded altar of an unknown god.
  1955 | D:3      | Reached XP level 5. HP: 28/36 MP: 5/5
  2173 | D:3      | Noticed Natasha
  2200 | D:3      | Killed Natasha
  2538 | D:3      | Reached skill level 5 in Shields
  2538 | D:3      | Reached skill level 1 in Evocations
  2538 | D:3      | Reached XP level 6. HP: 27/44 MP: 6/6
  2940 | D:3      | Found Zin's Purification Station.
  2941 | D:3      | Found a glowing silver altar of Zin.
  3028 | D:3      | Noticed Natasha
  3056 | D:3      | Killed Natasha
  3309 | D:3      | Reached skill level 3 in Stealth
  3473 | D:3      | Noticed Natasha
  3491 | D:3      | Killed Natasha
  4002 | D:4      | Reached XP level 7. HP: 54/54 MP: 7/7
  4083 | D:4      | Reached skill level 5 in Fighting
  4336 | D:4      | Reached skill level 5 in Armour
  4479 | D:4      | Found a glowing golden altar of the Shining One.
  4689 | D:4      | Found a burning altar of Makhleb.
  4810 | D:4      | Reached XP level 8. HP: 62/62 MP: 8/8
  5053 | D:5      | Entered Level 5 of the Dungeon
  5118 | D:5      | Reached skill level 4 in Stealth
  6405 | D:6      | Reached skill level 5 in Maces & Flails
  6523 | D:6      | Reached XP level 9. HP: 67/69 MP: 9/9
  7893 | D:7      | HP: 1/72 [ogre/+0 giant club (15)]
  8250 | D:7      | Found a staircase to the Ecumenical Temple.
  8268 | Temple   | Entered the Ecumenical Temple
  8545 | D:7      | Noticed a komodo dragon
  8560 | D:7      | Killed a komodo dragon
  8566 | D:7      | Reached skill level 5 in Stealth
  8759 | D:7      | Reached XP level 10. HP: 59/79 MP: 10/10
  9062 | D:7      | Noticed a komodo dragon
  9077 | D:7      | Killed a komodo dragon
  9471 | D:8      | Noticed Amaemon
  9471 | D:8      | Noticed an orange demon
  9522 | D:8      | Noticed Psyche
  9532 | D:8      | Killed Psyche
  9804 | D:8      | Killed Amaemon
 10126 | D:8      | Killed an orange demon
 10524 | D:8      | Noticed Joseph
 10544 | D:8      | Killed Joseph
 10545 | D:8      | Reached skill level 6 in Stealth
 10906 | D:9      | Reached skill level 10 in Shields
 10916 | D:9      | Reached XP level 11. HP: 82/86 MP: 11/11
 11107 | D:9      | Found a hazy altar of Hepliaklqana.
 11278 | D:1      | Bought a runed plate armour for 520 gold pieces
 11814 | D:9      | Reached skill level 5 in Evocations
 11900 | D:9      | Identified the +12 dagger "Lolucrij" {speed, rCorr Int+3
                  | Dex-3}
 12228 | D:9      | Reached skill level 7 in Stealth
 12730 | D:10     | Entered Level 10 of the Dungeon
 12790 | D:10     | Found Couplunupn's Armour Emporium.
 12790 | D:10     | Found a staircase to the Orcish Mines.
 12849 | D:10     | Found Michal's Weapon Emporium.
 12909 | D:10     | Noticed a manticore
 12920 | D:10     | Noticed a two-headed ogre
 12923 | D:10     | Killed a manticore
 12935 | D:10     | Killed a two-headed ogre
 13279 | D:10     | Reached skill level 8 in Stealth
 13293 | D:10     | Reached XP level 12. HP: 61/95 MP: 12/12
 13445 | D:10     | Found a sacrificial altar of Ru.
 13699 | D:10     | Found an iron altar of Okawaru.
 13719 | D:10     | Noticed a two-headed ogre
 13730 | D:10     | Killed a two-headed ogre
 13731 | D:10     | Reached skill level 10 in Fighting
 13995 | D:10     | Found a shadowy altar of Dithmenos.
 13998 | D:10     | Became a worshipper of Warmaster Okawaru
 14090 | D:10     | Bought a +0 kite shield of protection for 149 gold pieces
 14294 | D:11     | Reached skill level 10 in Armour
 14300 | D:11     | Reached skill level 1 in Invocations
 14707 | D:11     | Found a staircase to the Lair.
 14749 | D:11     | Reached * piety under Okawaru
 14836 | D:11     | Reached skill level 5 in Invocations
 16212 | D:11     | Reached ** piety under Okawaru
 16475 | Lair:1   | Entered Level 1 of the Lair of Beasts
 17119 | Lair:1   | Reached *** piety under Okawaru
 17179 | Lair:1   | Reached XP level 13. HP: 103/103 MP: 18/18
 17739 | Lair:2   | You are sucked into a shaft and drop 2 floors!
 17771 | Lair:4   | Found a runed translucent door.
 17780 | Lair:4   | Noticed a five-headed hydra
 17808 | Lair:4   | Noticed a five-headed hydra
 17822 | Lair:4   | Killed a five-headed hydra
 17852 | Lair:4   | Reached **** piety under Okawaru
 17881 | Lair:4   | Noticed a seven-headed hydra
 17961 | Lair:3   | Noticed Gastronok
 17992 | Lair:3   | Killed Gastronok
 18056 | Lair:3   | Found a staircase to the Snake Pit.
 18096 | Lair:3   | Reached ***** piety under Okawaru
 18101 | Lair:3   | Reached skill level 10 in Maces & Flails
 18106 | Lair:3   | Noticed a five-headed hydra
 18129 | Lair:3   | Killed a five-headed hydra
 18141 | Lair:3   | Noticed a six-headed hydra
 18150 | Lair:3   | Killed a six-headed hydra
 18308 | Lair:3   | Found a basalt altar of Yredelemnul.
 18364 | Lair:3   | Found a dark tunnel.
 18370 | Volcano  | Entered a volcano
 18392 | Volcano  | Reached skill level 1 in Crossbows
 18522 | Volcano  | Received a gift from Okawaru
 18611 | Volcano  | Received a gift from Okawaru
 18612 | Volcano  | Reached skill level 5 in Crossbows
 18612 | Volcano  | Reached XP level 14. HP: 107/113 MP: 19/19
 19219 | Lair:2   | Found a white marble altar of Elyvilon.
 19276 | Lair:2   | Identified the +0 cloak "Mawogoem" {Harm rC+ Int+2 SInv}
 19287 | Lair:2   | Identified a scroll of acquirement
 19287 | Lair:2   | Acquired the +3 pair of gauntlets of War {Slay+5}
 19287 | Lair:2   | Found the +3 pair of gauntlets of War {Slay+5}
 19400 | Lair:2   | Reached ****** piety under Okawaru
 19478 | Lair:2   | Found a staircase to the Swamp.
 19525 | Lair:2   | Received a gift from Okawaru
 19761 | Lair:3   | Received a gift from Okawaru
 20613 | Lair:4   | Reached skill level 10 in Crossbows
 20752 | Lair:4   | Reached skill level 9 in Stealth
 21029 | Lair:4   | Received a gift from Okawaru
 21864 | Lair:5   | Identified the +2 cloak of Bafonied {Harm}
 21887 | Lair:5   | Reached XP level 15. HP: 111/120 MP: 20/20
 22589 | Lair:6   | Entered Level 6 of the Lair of Beasts
 22696 | Lair:6   | Found a hazy altar of Hepliaklqana.
 23155 | Lair:6   | Reached skill level 5 in Dodging
 23238 | Lair:6   | Received a gift from Okawaru
 23473 | Lair:6   | Found a corrupted altar of Lugonu.
 23473 | Lair:6   | Found a one-way gate to the infinite horrors of the Abyss.
 23678 | Lair:6   | Identified the +5 flail "Emio" {vorpal, *Slow rN+ Int+7
                  | Dex+4} (Okawaru gifted it to you on level 6 of the Lair of
                  | Beasts)
 23678 | Lair:6   | Received a gift from Okawaru
 23802 | Lair:6   | Found a staircase to the Slime Pits.
 23857 | Lair:6   | Found a white marble altar of Elyvilon.
 24403 | Orc:1    | Entered Level 1 of the Orcish Mines
 24678 | Orc:1    | Found Qenoo's Weapon Emporium.
 24968 | Orc:2    | Entered Level 2 of the Orcish Mines
 25025 | Orc:2    | Found Sovoin's Book Emporium.
 25251 | Orc:2    | Reached XP level 16. HP: 96/129 MP: 20/22
 25266 | Orc:2    | Received a gift from Okawaru
 25291 | Orc:2    | Received a gift from Okawaru
 25415 | Orc:2    | Found Esis's General Store.
 25415 | Orc:2    | Found Codir's Assorted Antiques.
 25415 | Orc:2    | Found Kil Giwif's Antique Weapon Boutique.
 25415 | Orc:2    | Found Agahull's Antique Weapon Shoppe.
 25433 | Orc:2    | Identified the +5 scale mail "Huexoixt" {rPois Str+4}
                  | (Okawaru gifted it to you on level 2 of the Orcish Mines)
 25433 | Orc:2    | Received a gift from Okawaru
 25499 | Orc:2    | Bought a twisted hand crossbow for 212 gold pieces
 25499 | Orc:2    | Identified the +9 hand crossbow of Guilt {freeze, Drain
                  | rElec rF+ Int+4} (You bought it in a shop on level 2 of the
                  | Orcish Mines)
 25575 | Orc:2    | Found a staircase to the Elven Halls.
 25718 | Orc:2    | Reached skill level 10 in Stealth
 26293 | D:12     | Found the +8 trident of the Octopus King {venom, rElec
                  | rPois}
 26647 | D:12     | Reached skill level 15 in Shields
 26907 | D:12     | Found a sparkling altar of Nemelex Xobeh.
 27293 | D:13     | Noticed Sonja
 27305 | D:13     | Killed Sonja
 27889 | D:13     | Found a gate to the Vaults.
 28254 | D:14     | Received a gift from Okawaru
 28492 | D:14     | Noticed Kirke
 28526 | D:14     | Killed Kirke
 28685 | D:14     | Found a sacrificial altar of Ru.
 28711 | D:15     | Entered Level 15 of the Dungeon
 28761 | D:15     | Noticed Nessos
 28870 | D:15     | Reached XP level 17. HP: 103/130 MP: 23/23
 28896 | D:15     | Killed Nessos
 29033 | D:15     | Received a gift from Okawaru
 29251 | D:15     | Received a gift from Okawaru
 29444 | D:15     | Found a staircase to the Depths.
 29643 | D:15     | Noticed Rupert
 29658 | D:15     | Killed Rupert
 30193 | Snake:1  | Entered Level 1 of the Snake Pit
 30218 | Snake:1  | Noticed Aizul
 30232 | Snake:1  | Killed Aizul
 30389 | Snake:1  | Noticed Donald
 30425 | Snake:1  | Killed Donald
 31085 | Snake:1  | Identified the +8 trident "Essuc" {pain, rC+}
 32577 | Snake:3  | Received a gift from Okawaru
 32731 | Snake:3  | Reached skill level 11 in Stealth
 32992 | Snake:3  | Received a gift from Okawaru
 33099 | Snake:3  | Reached XP level 18. HP: 102/143 MP: 24/24
 33195 | Snake:3  | Found Folelica's Book Shoppe.
 33197 | Snake:3  | Found Qigota's Jewellery Boutique.
 33198 | Snake:3  | Found Latzoc's Book Shoppe.
 33289 | Snake:3  | Received a gift from Okawaru
 33637 | Snake:4  | Entered Level 4 of the Snake Pit
 33966 | Snake:4  | Reached skill level 10 in Invocations
 33978 | Snake:4  | Received a gift from Okawaru
 34228 | Arena    | Entered the Arena
 34427 | Snake:4  | Received a gift from Okawaru
 34503 | Snake:4  | Found Nephaad's Jewellery Shop.
 34517 | Snake:4  | Found Vima's Distillery.
 34517 | Snake:4  | Found Rosiha's Assorted Antiques.
 34909 | Snake:4  | Identified the +1 troll leather armour of the Centipede
                  | {Harm rF- Will+ Regen+ Str+2} (Okawaru gifted it to you on
                  | level 4 of the Snake Pit)
 34909 | Snake:4  | Received a gift from Okawaru
 35752 | Arena    | Entered the Arena
 35889 | Snake:4  | Reached skill level 15 in Fighting
 35909 | Snake:4  | Got a serpentine rune of Zot
 36238 | Swamp:1  | Entered Level 1 of the Swamp
 36238 | Swamp:1  | Found the +6 lightning scales {swift, rElec}
 37035 | Swamp:1  | Reached XP level 19. HP: 94/155 MP: 18/26
 37043 | Swamp:1  | Reached skill level 15 in Armour
 37378 | Swamp:2  | Received a gift from Okawaru
 37992 | Swamp:2  | Found a transporter.
 37996 | Swamp:2  | Noticed P0WERM0DE's ghost (journeyman DDCK)
 38023 | Swamp:2  | Noticed a tentacled monstrosity
 38143 | Swamp:2  | Received a gift from Okawaru
 38375 | Swamp:2  | Found a transporter.
 38438 | Swamp:2  | Received a gift from Okawaru
 38681 | Arena    | Entered the Arena
 38695 | Arena    | Killed a tentacled monstrosity
 38715 | Arena    | Entered the Arena
 38783 | Swamp:2  | Killed P0WERM0DE's ghost
 39052 | Swamp:3  | Reached skill level 12 in Stealth
 39200 | Arena    | Entered the Arena
 39207 | Arena    | Received a gift from Okawaru
 39430 | Swamp:3  | Acquired a manual of Stealth
 39982 | Swamp:4  | Entered Level 4 of the Swamp
 40123 | Swamp:3  | Reached skill level 13 in Stealth
 40429 | Swamp:4  | Reached skill level 14 in Stealth
 40710 | Swamp:4  | Reached skill level 15 in Stealth
 40818 | Swamp:4  | Received a gift from Okawaru
 40973 | Swamp:4  | Reached skill level 16 in Stealth
 41061 | Swamp:4  | Reached XP level 20. HP: 125/164 MP: 19/27
 41133 | Swamp:4  | Reached skill level 17 in Stealth
 41348 | Swamp:4  | Reached skill level 18 in Stealth
 41421 | Swamp:4  | Received a gift from Okawaru
 41493 | Swamp:4  | Got a decaying rune of Zot
 41722 | Depths:1 | Entered Level 1 of the Depths
 41782 | Depths:1 | Reached skill level 19 in Stealth
 41801 | Depths:1 | Received a gift from Okawaru
 42006 | Arena    | Entered the Arena
 42061 | Depths:1 | Identified the +0 pair of boots of Voisunu {rF+} (Okawaru
                  | gifted it to you on level 1 of the Depths)
 42061 | Depths:1 | Received a gift from Okawaru
 42070 | Depths:1 | Reached skill level 20 in Stealth
 42407 | Depths:1 | Found a runed translucent door.
 42407 | Depths:1 | Noticed Nigaic's ghost (veteran VSFi)
 42548 | Depths:1 | Found a gateway to Hell.
 43117 | Depths:1 | Identified the +9 ring mail of Light {Harm rC- Str+9
                  | Stlth+}
 43291 | Depths:1 | Killed Nigaic's ghost
 43373 | Depths:1 | Got Raatesem's Almanac of Clay
 43398 | Depths:2 | Noticed a Hell Sentinel
 43796 | Depths:2 | Found a one-way gate leading to the halls of Pandemonium.
 44054 | Depths:2 | Noticed the Enchantress
 44093 | Depths:2 | Killed the Enchantress
 44105 | Depths:2 | Reached XP level 21. HP: 83/167 MP: 3/28
 44650 | Depths:2 | Received a gift from Okawaru
 44681 | Depths:2 | Killed from afar by a tengu reaver

Illustrated notes

Levels and vault maps discovered:
D:1:      dpeg_arrival_arbitrary_b, layout_basic, serial_shops, shop
D:2:      minmay_chambers_of_ones, layout_rooms, serial_bayou,
          serial_bayou_pond_d, serial_bayou_lagoon_a, serial_bayou_lagoon_b,
          serial_bayou_pond_c
D:3:      layout_loops_ring, zin_purify, nicolae_ecumenical_oubliette,
          uniq_natasha
D:4:      layout_loops_corners, makhleb_blood_cavern_becter,
          kennysheep_mini_moat, nrook_uturn, corexii_checkpoint_b,
          minmay_fractal_squares_5
D:5:      layout_cave_pools
D:6:      layout_loops_corners
D:7:      layout_loops_ring, minmay_temple_entry_sparse_star,
          minmay_misc_feat_rows, minmay_lizard_king
D:8:      layout_cave_pools, uniq_amaemon, uniq_psyche, uniq_joseph
D:9:      layout_rooms, lemuel_crystal_altar, serial_bayou_crossing
D:10:     layout_rooms, nicolae_overflow_squiral, old_standard_altar,
          orc_david_3
D:11:     layout_basic, minmay_lair_entry_grove, grunt_decor_cap
D:12:     layout_cave_pools, nemelex_lonely_heart_becter
D:13:     layout_cave_pods, erik_vaults_1, kennysheep_donut, uniq_sonja
D:14:     layout_cave_pools, nicolae_ru_path_of_blood, uniq_kirke
D:15:     hangedman_depths_entry_civil_slaughter, layout_cave_pods, uniq_rupert,
          uniq_nessos
Temple:   regret_index_temple_generic_petals
Lair:1:   layout_long_grid, hangedman_lair_unloving_vines,
          chequers_serial_rivers_large_a, minivault_24, lemuel_old_faithful
Lair:2:   layout_misc_corridors, minmay_swamp_entry_wisps, basic_altar,
          lemuel_fruit_tree
Lair:3:   nzn_winding_woodlands_three_and_one
          [nzn_winding_woodlands_5x15_concentric,
          nzn_winding_woodlands_5x15_jagged, nzn_winding_woodlands_5x15_cabin,
          nzn_winding_woodlands_center_triple_pond], layout_gridlike,
          dummy_snake_entry, basic_altar, enter_volcano_3, serial_bayou_pond_c,
          uniq_gastronok
Lair:4:   layout_cave_pods, pf_torpor_hydra, grunt_megastairs_5
Lair:5:   layout_cave_pods, grunt_megastairs_4
Lair:6:   hellmonk_lair_end_abyssal_woods, layout_gridlike,
          dpeg_slime_entry_corner, basic_altar, lemuel_oklob_altar
Swamp:1:  layout_basic_swamp, evilmike_swamp_ruin_rubble_2
Swamp:2:  layout_basic_swamp, gammafunk_ghost_abyssal_escape,
          hangedman_swamp_blocks, infiniplex_staircase_pool_2
Swamp:3:  layout_basic_swamp, nicolae_swamp_small_spring, swamp_pool1,
          nicolae_swamp_no_escape
Swamp:4:  swamp_basic_johnstein, layout_basic_swamp, statue_in_the_mist_lemuel
Snake:1:  layout_gridlike, uniq_aizul, uniq_donald
Snake:2:  layout_honeycomb, grunt_megastairs_1, serial_bayou_shore_a
Snake:3:  layout_onion_interference, nicolae_snake_coiling_death,
          grunt_megastairs_3, minmay_shop_grove
Snake:4:  grunt_snake_rune_spirals, layout_onion_interference,
          nicolae_snake_serpentine_bazaar
Orc:1:    layout_diamond_mine, serial_shops, nicolae_shop_bloodbath_and_beyond
Orc:2:    st_orc_ogre_mass, layout_caves, serial_shops, shop
Depths:1: layout_cave_pools, bh_walls_and_bars, hangedman_coc_ice_floe,
          abyss_entry_small_statue_room, hellmonk_ghost_big_iron,
          hangedman_corner_corridor
Depths:2: hangedman_pleasuredromes, hell_entry, pan_entry, serial_shops,
          uniq_enchantress

Skill      XL: |  1  2  3  4  5  6  7  8  9 10 11 12 13 14 15 16 17 18 19 20 21 |
---------------+----------------------------------------------------------------+-----
Shields        | 4 5 6 7 8 10 11 12 13 14 15 16 17 18 | 18.0
Fighting       | 4 5 6 7 8 9 10 11 12 13 14 15 16 | 16.0
Armour         | 4 5 7 8 9 10 11 12 13 14 15 16 | 16.0
Stealth        | 1 2 3 4 5 6 8 9 10 11 16 20 | 20.0
Dodging        | 1 2 3 4 5 6 7 |  7.0
Maces & Flails | 3 4 5 6 7 8 9 10 11 12 13 14 | 14.0
Evocations     | 1 2 3 4 5 6 7 8 9 |  9.0
Invocations    | 7 8 9 10 | 10.8
Crossbows      | 5 10 11 12 13 14 | 14.0

Action                   |  1- 3 |  4- 6 |  7- 9 | 10-12 | 13-15 | 16-18 | 19-21 || total
-------------------------+-------+-------+-------+-------+-------+-------+-------++-------
Melee: Whip              |   107 |   322 |   371 |   112 |       |       |       ||   912
       Flail             |     9 |       |       |       |       |       |       ||     9
       Demon whip        |       |       |       |   676 |  1077 |  1411 |  1297 ||  4461
       Unarmed           |       |       |       |     6 |       |       |       ||     6
 Fire: Arbalest          |       |       |       |       |   260 |   500 |   324 ||  1084
Throw: Throwing net      |       |       |       |     4 |       |       |       ||     4
Invok: Heroism           |       |       |       |     3 |     3 |     7 |    10 ||    23
       Finesse           |       |       |       |       |     1 |     5 |     7 ||    13
       Duel              |       |       |       |       |       |     2 |     4 ||     6
 Abil: Dig               |       |     3 |     1 |     6 |     9 |    24 |     4 ||    47
Evoke: Wand              |       |       |     1 |    11 |       |       |       ||    12
  Use: Scroll            |     4 |     4 |     8 |     6 |     8 |     8 |     4 ||    42
       Potion            |       |     2 |     2 |     1 |       |     1 |     2 ||     8
 Stab: Held in net/web   |       |       |       |     3 |       |       |       ||     3
       Paralysed         |       |       |       |     6 |       |       |       ||     6
Armor: Scale mail        |    42 |    46 |       |       |       |       |       ||    88
       Chain mail        |       |    79 |    28 |       |       |       |       ||   107
       Plate armour      |       |       |    83 |   215 |   375 |   360 |   493 ||  1526
       Skin              |       |       |       |     1 |       |       |       ||     1
Dodge: Dodged            |    30 |    84 |    77 |   143 |   213 |   222 |   244 ||  1013
Block: Buckler           |    18 |    50 |    69 |    88 |       |       |       ||   225
       Kite shield       |       |       |       |   108 |   550 |   676 |   668 ||  2002
       Reflection        |       |       |       |       |       |       |     3 ||     3

Table legend: (Time is in decaauts)
 A = Elapsed time spent in this place.
 B = Non-inter-level travel time spent in this place.
 C = Inter-level travel time spent in this place.
 D = Time resting spent in this place.
 E = Time spent auto-exploring this place.
 F = Levels seen in this place.
 G = Mean time per level.
                   A        B        C        D        E       F      G
               +--------+--------+--------+--------+--------+-----+--------+
         Total |  43349 |  39783 |   3566 |   3688 |  26387 |  41 | 1057.3 |
       Dungeon |  20211 |  18622 |   1589 |   2036 |  12872 |  15 | 1347.4 |
        Temple |    248 |    235 |     13 |      0 |    226 |   1 |  248.0 |
          Lair |   7263 |   6521 |    742 |    431 |   4054 |   6 | 1210.5 |
         Swamp |   4796 |   4440 |    356 |    745 |   2500 |   4 | 1199.0 |
     Snake Pit |   6005 |   5396 |    609 |    188 |   3908 |   4 | 1501.2 |
  Orcish Mines |   1694 |   1554 |    140 |      9 |   1101 |   2 |  847.0 |
        Depths |   2632 |   2518 |    114 |    205 |   1496 |   2 | 1316.0 |
       Volcano |    356 |    356 |      0 |      0 |    184 |   1 |  356.0 |
         Arena |    141 |    141 |      0 |     73 |     44 |   6 |   23.5 |
               +--------+--------+--------+--------+--------+-----+--------+

Top non-repeatable levels by time:
    D:11: 2714 daAuts
 Snake:4: 2439 daAuts
     D:3: 1819 daAuts
Depths:1: 1771 daAuts
     D:6: 1692 daAuts
  Lair:3: 1618 daAuts
  Lair:6: 1612 daAuts
     D:9: 1489 daAuts
     D:8: 1465 daAuts
     D:4: 1463 daAuts
    D:10: 1419 daAuts
 Snake:2: 1409 daAuts
     D:7: 1385 daAuts
 Swamp:2: 1325 daAuts
 Swamp:4: 1278 daAuts
